 Dungeon Crawl Stone Soup version 0.31-a0-744-gbc345e7fcb (webtiles) character file.

Game seed: 450961258773443666

2466 funkygono the Thaumaturge (level 9, 0/45 (48) HPs)
             Began as a Deep Elf Fire Elementalist on Aug 26, 2023.
             Slain by a wight
             ... wielding a +3 halberd
              (11 damage)
             ... on level 7 of the Dungeon on Sept 13, 2023.
             The game lasted 00:14:13 (7554 turns).

funkygono the Thaumaturge (DEFE)                    Turns: 7554, Time: 00:14:13

HP:   0/45 (48)     AC: 13    Str:  5    XL:     9   Next: 26%
MP:   17/24         EV: 12    Int: 25    God:
Gold: 469           SH:  0    Dex: 15    Spells: 17/27 levels left

rFire   + . .        r - +10 pair of quick blades "Gyre" and "Gimble" {protect}
rCold   . . .        (shield currently unavailable)
rNeg    . . .        m - +0 leather armour
rPois   .            E - +0 helmet
rElec   .            A - +0 cloak
rCorr   +            c - +0 pair of gloves
SInv    .            (no boots)
Will    .....        C - amulet of magic regeneration
Stlth   ++           j - ring of resist corrosion
HPRegen 0.27/turn    D - ring of protection from fire
MPRegen 0.59/turn

%: no passive effects
@: marked, under a protective aura, drained
A: no striking features
a: no special abilities


You were on level 7 of the Dungeon.
You visited 2 branches of the dungeon, and saw 8 of its levels.
You also visited: Ossuary.

You collected 469 gold pieces.

Inventory:

Hand Weapons
 e - a +2 dagger of electrocution
 f - a +0 short sword
 h - a +2 short sword of draining
 o - a +3 dagger of freezing
 r - the +10 pair of quick blades "Gyre" and "Gimble" (weapon) {protect}
   (You acquired it on level 5 of the Dungeon)
 z - a +4 quarterstaff of chaos
Missiles
 s - a throwing net
Armour
 c - a +0 pair of gloves (worn)
 m - a +0 leather armour (worn)
 q - a +0 robe of positive energy
 A - a +0 cloak (worn)
 E - a +0 helmet (worn)
Jewellery
 j - a ring of resist corrosion (left hand)
 C - an amulet of magic regeneration (around neck)
 D - a ring of protection from fire (right hand)
Wands
 a - a wand of digging (6)
 n - a wand of polymorph (12)
 p - a wand of acid (11)
Scrolls
 g - 4 scrolls of teleportation
 i - 3 scrolls of identify
 t - a scroll of poison
 u - 2 scrolls of amnesia
 w - a scroll of fog
 x - a scroll of enchant weapon
 y - 4 scrolls of revelation
Potions
 b - 3 potions of magic
 d - 5 potions of curing
 k - 3 potions of mutation
 l - 3 potions of heal wounds
 v - 2 potions of haste
 B - a potion of brilliance


   Skills:
 + Level 1.6 Fighting
 + Level 4.1 Short Blades
 + Level 0.5 Armour
 + Level 4.0 Dodging
 - Level 3.0 Stealth
 + Level 9.5 Spellcasting
 + Level 4.6 Conjurations
 + Level 8.8 Fire Magic


You had 17 spell levels left.
You knew the following spells:

 Your Spells              Type           Power      Damage    Failure   Level
a - Foxfire               Conj/Fire      100%       2x1d9     1%          1
b - Scorch                Fire           100%       2d9       1%          2
c - Volatile Blastmotes   Fire/Tloc      68%        2d15      4%          3
d - Flame Wave            Conj/Fire      45%        2d12      5%          4

Your spell library contained the following spells:

 Spells                   Type           Power      Damage    Failure   Level
 Inner Flame              Hex/Fire       34%        N/A       4%          3


Dungeon Overview and Level Annotations

Branches:
Dungeon (7/15)             Temple (1/1) D:4         Ossuary (visited)

Altars:
Ashenzari
Fedhas
Gozag
Hepliaklqana
Makhleb
Nemelex Xobeh
Okawaru
Qazlal
Ru
Trog
Uskayaw
Wu Jian
Xom
Yredelemnul
Zin
The Shining One

Shops:
D:4 !


Message History

Casting: Flame Wave (dangerous; 5% risk of failure)
Press: ? - help, Dir - look around, f - activate A wave of flame ripples out!
The flame wave engulfs the orc warrior!
You kill the orc warrior!
The flame wave engulfs the hound.
You kill the hound! (Press . to intensify the flame waves.)
A wave of flame ripples out!
The flame wave engulfs the orc!
You kill the orc!
A wight comes into view. It is wielding a +0 battleaxe.
A wave of flame ripples out!
The flame wave engulfs the orc!
You kill the orc!
You finish channelling waves of flame.
A wight comes into view. It is wielding a +4 great sword.
The wight hits you but does no damage.
Things that are here:
a +0 dagger; a +0 robe; a +0 dagger
Things that are here:
a +0 club; a +0 leather armour A wight comes into view.
It is wielding a +0 trident.
The wight hits you with a +3 halberd!
You feel drained. The wight closely misses you.
The wight hits you from afar with a +0 trident.
Things that are here:
a +0 war axe; a +0 leather armour; an orc corpse You hit the wight.
Your weapon exudes an aura of protection.
You hit the wight. You closely miss the wight. You hit the wight.
The wight is heavily damaged.
The wight hits you but does no damage. The wight barely misses you.
The wight misses you.
You hit the wight but do no damage. You hit the wight. x2
You completely miss the wight.
The wight is severely damaged.
The wight hits you with a +4 great sword!
* * * LOW HITPOINT WARNING * * *
You feel drained.
* * * LOW HITPOINT WARNING * * *
The wight barely misses you. The wight hits you with a +3 halberd!
You die...

#...#######....(##.
#...............##.
#.........[.....### ##
##....)..#......'..
#.#########.......#......###
#........)).).....#.....##
#.#########)#+#+#.#.....# #.
......z)# #.#.....## #.
#.#####@# #.'.[....# ..
.....zzz#.#.###......### ..
........................ ##.
...####.#.#######.##.... #.
.. ....# #.###### #.. #
#....... ..# ######## #.#


You could see 4 wights.

Vanquished Creatures
  Sigmund (D:3)
  Menkaure (Ossuary)
  An orc warrior (D:7)
  Duvessa (D:5)
  An ice beast (D:6)
  A centaur (D:6)
  A bullfrog (D:7)
  A gnoll sergeant (D:5)
  5 scorpions
  3 wights (D:7)
  Dowan (D:5)
  A howler monkey (D:4)
  A crimson imp (D:6)
  A bullfrog zombie (D:5)
  6 orc priests
  A gnoll bouda (D:6)
  6 hounds
  2 jellies (D:6)
  Crazy Yiuf (D:5)
  3 iguanas
  2 sleepcaps (D:6)
  2 orc wizards
  3 mummies (Ossuary)
  A hound zombie (D:5)
  7 adders
  16 gnolls
  2 white imps
  An ufetubus (D:5)
  A worm (D:2)
  5 dart slugs
  16 orcs
  5 ball pythons
  6 endoplasms
  6 giant cockroaches
  7 gnoll zombies (Ossuary)
  9 goblins
  9 hobgoblins
  7 jackals
  2 quokkas
  4 bats
  2 frilled lizards
  2 gnoll skeletons (Ossuary)
  5 goblin skeletons (Ossuary)
  2 goblin zombies (Ossuary)
  5 hobgoblin skeletons (Ossuary)
  4 hobgoblin zombies (Ossuary)
  6 kobolds
  4 kobold skeletons (Ossuary)
  2 kobold zombies (Ossuary)
  7 orc skeletons (Ossuary)
  5 orc zombies (Ossuary)
  13 rats
  2 rat skeletons (Ossuary)
  5 rat zombies (Ossuary)
214 creatures vanquished.

Vanquished Creatures (others)
  439 foxfires
439 creatures vanquished.

Grand Total: 653 creatures vanquished

Notes
Turn   | Place    | Note
-------+----------+-------------------------------------------
     0 | D:1      | funkygono the Deep Elf Fire Elementalist began the quest
                  | for the Orb.
     0 | D:1      | Reached XP level 1. HP: 10/10 MP: 6/6
    85 | D:1      | Reached XP level 2. HP: 15/15 MP: 4/8
    88 | D:1      | Learned a level 2 spell: Scorch
   365 | D:1      | Upgraded the game from 0.31-a0-631-g285b096dc4 to
                  | 0.31-a0-744-gbc345e7fcb
   682 | D:1      | Reached XP level 3. HP: 19/19 MP: 5/10
   686 | D:1      | Learned a level 3 spell: Volatile Blastmotes
  1279 | D:2      | Reached skill level 4 in Spellcasting
  1435 | D:2      | Reached XP level 4. HP: 24/24 MP: 9/12
  1440 | D:2      | Learned a level 4 spell: Flame Wave
  1630 | D:2      | Reached skill level 5 in Fire Magic
  1905 | D:3      | Noticed Sigmund
  2068 | D:3      | Reached XP level 5. HP: 13/28 MP: 4/14
  2191 | D:3      | Killed Sigmund
  2192 | D:3      | Reached skill level 5 in Spellcasting
  2192 | D:3      | Reached XP level 6. HP: 32/32 MP: 9/16
  3372 | D:4      | Found Ziheprel's Distillery.
  3477 | D:4      | Reached skill level 6 in Spellcasting
  3621 | D:4      | Reached XP level 7. HP: 36/36 MP: 14/18
  3669 | D:4      | Found a staircase to the Ecumenical Temple.
  3678 | Temple   | Entered the Ecumenical Temple
  4240 | D:5      | Entered Level 5 of the Dungeon
  4240 | D:5      | Found a sand-covered staircase.
  4249 | Ossuary  | Entered an ossuary
  4822 | Ossuary  | Noticed Menkaure
  4835 | Ossuary  | Killed Menkaure
  4836 | Ossuary  | Reached skill level 1 in Short Blades
  4836 | Ossuary  | Reached skill level 7 in Spellcasting
  5173 | D:5      | Noticed Duvessa
  5174 | D:5      | Noticed Dowan
  5182 | D:5      | Killed Duvessa
  5182 | D:5      | Killed Dowan
  5186 | D:5      | Reached XP level 8. HP: 3/42 MP: 5/21
  5488 | D:5      | Found a glowing silver altar of Zin.
  5886 | D:5      | Found a runed translucent door.
  5887 | D:5      | Noticed Crazy Yiuf
  6008 | D:5      | Found a basalt altar of Yredelemnul.
  6337 | D:5      | Killed Crazy Yiuf
  6363 | D:5      | Identified a scroll of acquirement
  6363 | D:5      | Acquired the +10 pair of quick blades "Gyre" and "Gimble"
                  | {protect}
  6363 | D:5      | Found the +10 pair of quick blades "Gyre" and "Gimble"
                  | {protect}
  6432 | D:6      | Reached skill level 1 in Fighting
  6435 | D:6      | Reached skill level 8 in Spellcasting
  6909 | D:6      | Reached skill level 9 in Spellcasting
  6911 | D:6      | Reached XP level 9. HP: 39/47 MP: 13/24
  7084 | D:6      | Found a burning altar of Makhleb.
  7554 | D:7      | Slain by a wight

Illustrated notes

Levels and vault maps discovered:
D:1:      doesnt_arrival_eight_statues, layout_loops_ring
D:2:      layout_rooms
D:3:      layout_loops_ring, uniq_sigmund
D:4:      layout_basic, minmay_temple_entry_antechambers, serial_shops,
          nicolae_shop_window_shopping
D:5:      layout_cave_pools, lemuel_zombie_altar_yredelemnul, zin_statuary,
          portal_sewer_entry_e, nicolae_ossuary_entry_monument,
          hangedman_abyss_or_decor_stabs, uniq_crazy_yiuf_cottage, uniq_duvessa
D:6:      layout_rooms, makhleb_grotto_becter, grunt_ministairs_9,
          kennysheep_dice
D:7:      layout_basic, hangedman_decor_diamond_cutter, minmay_alternating_orb
Temple:   nicolae_temple_god_jail

Skill      XL: |  1  2  3  4  5  6  7  8  9 |
---------------+----------------------------+-----
Fire Magic     | 4 5 6 7 8 |  8.8
Spellcasting   | 4 5 6 7 9 |  9.5
Conjurations   | 2 3 4 |  4.6
Stealth        | 3 |  3.0
Short Blades   | 2 3 4 |  4.1
Dodging        | 3 4 |  4.0
Fighting       | 1 |  1.6
Armour         | |  0.5

Action                     |  1- 3 |  4- 6 |  7- 9 || total
---------------------------+-------+-------+-------++-------
  Melee: Short sword       |     1 |       |       ||     1
         Dagger            |       |     7 |    77 ||    84
         Punch             |       |       |     3 ||     3
         Pair of quick bla |       |       |    67 ||    67
   Cast: Foxfire           |    51 |    79 |   130 ||   260
         Scorch            |     9 |    24 |    34 ||    67
         Volatile Blastmot |       |     1 |       ||     1
         Flame Wave        |       |       |     5 ||     5
    Use: Scroll            |     4 |     4 |     9 ||    17
 Armour: Robe              |     1 |    12 |    72 ||    85
         Leather armour    |       |       |    13 ||    13
  Dodge: Dodged            |     5 |     8 |    76 ||    89

Table legend: (Time is in decaauts)
 A = Elapsed time spent in this place.
 B = Non-inter-level travel time spent in this place.
 C = Inter-level travel time spent in this place.
 D = Time resting spent in this place.
 E = Time spent auto-exploring this place.
 F = Levels seen in this place.
 G = Mean time per level.
                   A        B        C        D        E       F      G
               +--------+--------+--------+--------+--------+-----+--------+
         Total |   7548 |   7294 |    254 |    620 |   5541 |   9 |  838.7 |
       Dungeon |   6805 |   6553 |    252 |    620 |   5057 |   7 |  972.1 |
        Temple |      1 |      0 |      1 |      0 |      0 |   1 |    1.0 |
       Ossuary |    740 |    740 |      0 |      0 |    484 |   1 |  740.0 |
               +--------+--------+--------+--------+--------+-----+--------+

Top non-repeatable levels by time:
     D:5: 1438 daAuts
     D:3: 1221 daAuts
     D:4: 1058 daAuts
     D:1: 991 daAuts
     D:2: 964 daAuts
     D:6: 894 daAuts
 Ossuary: 740 daAuts
     D:7: 237 daAuts
  Temple: 1 daAuts
